 Dungeon Crawl Stone Soup version 0.28-a0-1365-g7e0445c96d (webtiles) character file.

Game seed: 16497084477554421989

46 1994 the Gusty (level 3, 0/30 HPs)
             Began as a Tengu Air Elementalist on Dec 31, 2021.
             Succumbed to a scorpion's poison
             ... on level 2 of the Dungeon.
             The game lasted 00:04:39 (1802 turns).

1994 the Gusty (Tengu Air Elementalist)             Turns: 1802, Time: 00:04:40

Health: 0/30       AC: 21    Str:  8    XL:     3   Next: 66%
Magic:  0/7        EV:  2    Int: 17    God:
Gold:   72         SH:  0    Dex: 14    Spells: 6/7 levels left

rFire   . . .      SeeInvis .   b - +0 hunting sling
rCold   . . .      Faith    .   (no shield)
rNeg    . . .      Spirit   .   (armour currently unavailable)
rPois   +          Reflect  .   (helmet currently unavailable)
rElec   .          Harm     .   (cloak currently unavailable)
rCorr   .          Rampage  .   (gloves currently unavailable)
Will    .....      NoTele   +   (boots unavailable)
Stlth   ++........              (no amulet)
HPRegen 0.10/turn               (no ring)
MPRegen 0.10/turn               (no ring)

@: lethally poisoned (0 -> -1), tree-form
A: stationary, stasis, torment immunity, boosted hp, (beak), (talons 3)
a: no special abilities


You were on level 2 of the Dungeon.
You were a tree.
You visited 1 branch of the dungeon, and saw 2 of its levels.

You collected 72 gold pieces.

Inventory:

Hand Weapons
 a - a +0 dagger
 b - a +0 hunting sling (weapon)
Missiles
 f - 17 poisoned darts
 i - 12 stones (quivered ammo)
Armour
 h - a +0 robe (melded)
Scrolls
 d - 3 scrolls of noise {unknown}
 g - a scroll of vulnerability {unknown}
 j - a scroll of amnesia {unknown}


   Skills:
 + Level 0.9 Fighting
 + Level 2.5 Dodging
 - Level 2.0 Stealth
 * Level 2.5 Spellcasting
 * Level 2.3 Conjurations
 * Level 4.6 Air Magic


You had 6 spell levels left.
You knew the following spells:

 Your Spells              Type           Power      Damage    Failure   Level
a - Shock                 Conj/Air       56%        1d6       4%          1

Your spell library contained the following spells:

 Spells                   Type           Power      Damage    Failure   Level
 Static Discharge         Conj/Air       14%        N/A       7%          2
 Swiftness                Air            17%        N/A       9%          3
 Airstrike                Air            8%         N/A       26%         4


Dungeon Overview and Level Annotations

Branches:
Dungeon (2/15)

Altars:


Innate Abilities, Weirdness & Mutations

You are a tree.
Your roots penetrate the ground, keeping you stationary.
You cannot be teleported.
You are immune to unholy pain and torment.
Your maximum health is greatly increased.
Your equipment is partially melded.
((You have a beak for a mouth.))
((You have claws for feet.))


Message History

Aiming: Shock (safe; 4% risk of failure)
Press: ? - help, Shift-Dir - straight line The zap hits the scorpion.
The scorpion is almost dead.
The zap misses the scorpion.
You feel sick.
The scorpion stings you but does no damage.
The scorpion stings you.
* * * LOW HITPOINT WARNING * * *
Unknown command.
Unknown command.
Fire: 16 stones
Press: ? - help, Q - select action, (/) - cycle Shift-Dir - straight line, f - scorpion
Aim: a scorpion (almost dead, 57% to hit)
You shoot a stone. The stone closely misses the scorpion.
* * * LOW HITPOINT WARNING * * *
You feel sick.
The scorpion stings you but does no damage.
Unknown command.
Fire: 15 stones
Press: ? - help, Q - select action, (/) - cycle Shift-Dir - straight line, f/p - scorpion
Aim: a scorpion (almost dead, 57% to hit)
You shoot a stone.
The stone completely misses the scorpion.
* * * LOW HITPOINT WARNING * * *
You feel sick.
The scorpion stings you but does no damage.
Unknown command.
Fire: 14 stones
Press: ? - help, Q - select action, (/) - cycle Shift-Dir - straight line, f/p - scorpion
Aim: a scorpion (almost dead, 57% to hit)
You shoot a stone. The stone barely misses the scorpion.
* * * LOW HITPOINT WARNING * * *
You feel sick.
The scorpion stings you but does no damage. x2
Unknown command.
Fire: 13 stones
Press: ? - help, Q - select action, (/) - cycle Shift-Dir - straight line, f/p - scorpion
Aim: a scorpion (almost dead, 57% to hit)
You shoot a stone. The stone closely misses the scorpion.
You die...

#.#.# #......
..# #.#.#
#########..#
#.#.# #..# #.#.#
#..# #.#.#
########## #..#
#.#.# #.........
.#
#.#.###.########
#.#.....####
#......♣s.(#
##########.# >#
.# .# .# ?. .#


You could see a scorpion.

Vanquished Creatures
  2 dart slugs (D:1)
  2 bats (D:1)
  3 endoplasms
  2 giant cockroaches
  4 goblins
  6 hobgoblins
  2 jackals (D:2)
  2 kobolds (D:1)
  2 quokkas (D:1)
  6 ball pythons
  3 frilled lizards
  3 rats
37 creatures vanquished.

Vanquished Creatures (others)
  2 plants (D:1)
2 creatures vanquished.

Grand Total: 39 creatures vanquished

Notes
Turn   | Place    | Note
-------+----------+-------------------------------------------
     0 | D:1      | 1994 the Tengu Air Elementalist began the quest for the
                  | Orb.
     0 | D:1      | Reached XP level 1. HP: 10/10 MP: 4/4
    89 | D:1      | Reached XP level 2. HP: 15/15 MP: 3/6
   852 | D:1      | Reached XP level 3. HP: 20/20 MP: 4/7
  1386 | D:1      | Found a faded altar of an unknown god.
  1786 | D:2      | Noticed a scorpion
  1801 | D:2      | HP: 1/30 [poisoned by a scorpion]
  1802 | D:2      | Succumbed to a scorpion's poison

Illustrated notes

Levels and vault maps discovered:
D:1:      dpeg_arrival_tiny_a, layout_basic, shapermc_ecumenical_altar_petra
D:2:      layout_loops_ring

Skill      XL: |  1  2 |
---------------+-------+-----
Conjurations   | 2 |  2.3
Fighting       | |  0.9
Dodging        | |  2.5
Stealth        | |  2.0
Spellcasting   | |  2.5
Air Magic      | |  4.6

Action                   || total
-------------------------++-------
Melee: Short sword       ||     8
       Kick              ||     2
 Fire: Hunting sling     ||    15
 Cast: Shock             ||    63
  Use: Potion            ||     2
Armor: Robe              ||     4
       Skin              ||     7
Dodge: Dodged            ||    11

Table legend: (Time is in decaauts)
 A = Elapsed time spent in this place.
 B = Non-inter-level travel time spent in this place.
 C = Inter-level travel time spent in this place.
 D = Time resting spent in this place.
 E = Time spent auto-exploring this place.
 F = Levels seen in this place.
 G = Mean time per level.
                   A        B        C        D        E       F      G
               +--------+--------+--------+--------+--------+-----+--------+
         Total |   1804 |   1770 |     34 |    720 |    780 |   2 |  902.0 |
       Dungeon |   1804 |   1770 |     34 |    720 |    780 |   2 |  902.0 |
               +--------+--------+--------+--------+--------+-----+--------+

Top non-repeatable levels by time:
     D:1: 1438 daAuts
     D:2: 366 daAuts
